 Dungeon Crawl Stone Soup version 0.29-a0-371-g91724d5b39 (webtiles) character file.

Game seed: 880671940356612310

65 Hubjo the Firebug (level 3, -2/21 HPs)
             Began as a Deep Elf Fire Elementalist on May 2, 2022.
             Slain by an orc
             ... wielding a +0 falchion
              (5 damage)
             ... on level 3 of the Dungeon.
             The game lasted 00:01:55 (2590 turns).

Hubjo the Firebug (Deep Elf Fire Elementalist)      Turns: 2590, Time: 00:01:55

Health: -2/21      AC:  2    Str:  5    XL:     3   Next: 94%
Magic:  9/10       EV: 13    Int: 19    God:
Gold:   65         SH:  0    Dex: 17    Spells: 8/9 levels left

rFire   . . .      SeeInvis .   j - +3 spear
rCold   . . .      Faith    .   (no shield)
rNeg    . . .      Spirit   .   a - +0 robe
rPois   .          Reflect  .   (no helmet)
rElec   .          Harm     .   (no cloak)
rCorr   .          Rampage  .   (no gloves)
Will    .....                   (no boots)
Stlth   +++.......              (no amulet)
HPRegen 0.07/turn               (no ring)
MPRegen 0.12/turn               (no ring)

@: no status effects
A: no striking features
a: no special abilities


You were on level 3 of the Dungeon.
You visited 1 branch of the dungeon, and saw 3 of its levels.

You collected 65 gold pieces.

Inventory:

Hand Weapons
 j - a +3 spear (weapon)
Armour
 a - a +0 robe (worn)
Scrolls
 f - a scroll of identify {unknown}
 g - a scroll of fog {unknown}
 h - a scroll of teleportation {unknown}
Potions
 b - a potion of magic
 d - a potion of experience {unknown}
 e - a potion of curing
 i - a potion of brilliance {unknown}


   Skills:
 * Level 1.6 Fighting
 - Level 2.4 Dodging
 + Level 3.3 Stealth
 + Level 3.6 Spellcasting
 - Level 1.1 Conjurations
 + Level 3.7 Fire Magic


You had 8 spell levels left.
You knew the following spells:

 Your Spells              Type           Power      Damage    Failure   Level
a - Foxfire               Conj/Fire      48%        2x1d6     5%          1

Your spell library contained the following spells:

 Spells                   Type           Power      Damage    Failure   Level
 Scorch                   Fire           34%        2d6       4%          2
 Conjure Flame            Conj/Fire      12%        6-21      16%         3
 Inner Flame              Hex/Fire       10%        N/A       21%         3
 Flame Wave               Conj/Fire      12%        2d6       45%         4


Dungeon Overview and Level Annotations

Branches:
Dungeon (3/15)

Altars:


Message History

The orc hits you with a +1 vorpal hand axe.
You hit the orc.
The orc is severely wounded.
The orc hits you with a +1 vorpal hand axe.
You closely miss the orc.
The orc is severely wounded.
The orc misses you.
You hit the orc.
You kill the orc!
The orc shouts!
You hear a shout!
An orc comes into view. It is wielding a +0 falchion.
An orc comes into view. It is wielding a +0 dagger.
Found 7 stones.
The orc barely misses you. x2
There is an open door here.
Things that are here:
a +1 vorpal hand axe; an orc corpse You hit the orc.
The orc is heavily wounded.
The orc misses you. The orc hits you with a +0 falchion.
* * * LOW HITPOINT WARNING * * *
It was a potion of curing.
You feel better. The orc attacks as you move away! The orc misses you.
You hit the orc.
You kill the orc!
You hit the orc.
The orc is lightly wounded.
The orc misses you. The orc closely misses you.
You barely miss the orc. The orc hits you with a +0 dagger.
The orc barely misses you.
You barely miss the orc. The orc hits you with a +0 dagger.
The orc hits you with a +0 falchion.
You barely miss the orc. The orc closely misses you.
The orc hits you with a +0 dagger.
* * * LOW HITPOINT WARNING * * *
Casting: Foxfire (safe; 5% risk of failure)
Confirm with . or Enter, or press ? or * to list all spells.
You conjure some foxfire!
The orc hits you with a +0 dagger.
* * * LOW HITPOINT WARNING * * *
The orc hits you with a +0 falchion.
You die...

.....>.##
#.......##
#........
#.......#
#.......#
##.......#######..
#....v............
#....o@v..<.......
##+###o#....##.#..
#.....####.#
#.###.# .# ..# .#
..+ .# ...# ##
##.# (.#


You could see 2 orcs.

Vanquished Creatures
  2 gnolls
  2 adders
  A dart slug (D:2)
  2 orcs (D:3)
  3 ball pythons (D:1)
  2 endoplasms
  A giant cockroach (D:1)
  4 hobgoblins
  A quokka (D:2)
  3 bats (D:1)
  2 goblins (D:1)
  A kobold (D:1)
  2 rats
26 creatures vanquished.

Vanquished Creatures (collateral kills)
  2 foxfires (D:1)
2 creatures vanquished.

Vanquished Creatures (others)
  107 foxfires
107 creatures vanquished.

Grand Total: 135 creatures vanquished

Notes
Turn   | Place    | Note
-------+----------+-------------------------------------------
     0 | D:1      | Hubjo the Deep Elf Fire Elementalist began the quest for
                  | the Orb.
     0 | D:1      | Reached XP level 1. HP: 10/10 MP: 6/6
   282 | D:1      | Reached XP level 2. HP: 16/16 MP: 2/8
   487 | D:1      | Reached skill level 1 in Fighting
  2154 | D:2      | Reached XP level 3. HP: 20/20 MP: 4/9
  2590 | D:3      | Slain by an orc

Illustrated notes

Levels and vault maps discovered:
D:1:      dpeg_arrival_long_road, layout_basic, nicolae_grassy_gnolls
D:2:      layout_rooms, uniq_terence
D:3:      layout_basic, mainiacjoe_overflow_six_doors_small,
          mainiacjoe_overflow_boulevard, okawaru_ov_weapons_minmay,
          dreamdust_ecumenical_altar_statues, minmay_misc_feat_roman

Skill      XL: |  1  2 |
---------------+-------+-----
Fighting       | 1 |  1.6
Stealth        | 3 |  3.3
Dodging        | |  2.4
Spellcasting   | |  3.6
Conjurations   | |  1.1
Fire Magic     | |  3.7

Action                   || total
-------------------------++-------
Melee: Unarmed           ||    43
       Spear             ||    21
 Cast: Foxfire           ||    81
  Use: Potion            ||     3
Armor: Robe              ||    24
Dodge: Dodged            ||    66

Table legend: (Time is in decaauts)
 A = Elapsed time spent in this place.
 B = Non-inter-level travel time spent in this place.
 C = Inter-level travel time spent in this place.
 D = Time resting spent in this place.
 E = Time spent auto-exploring this place.
 F = Levels seen in this place.
 G = Mean time per level.
                   A        B        C        D        E       F      G
               +--------+--------+--------+--------+--------+-----+--------+
         Total |   2591 |   2556 |     35 |    100 |   2168 |   3 |  863.7 |
       Dungeon |   2591 |   2556 |     35 |    100 |   2168 |   3 |  863.7 |
               +--------+--------+--------+--------+--------+-----+--------+

Top non-repeatable levels by time:
     D:1: 2128 daAuts
     D:2: 340 daAuts
     D:3: 123 daAuts
